Map: Polka LE

Players

jutefire

  • Race: Terran Terran
  • League: Platinum
  • Spawn Location: 11:00

TomSeagal

  • Race: Zerg Zerg
  • Spawn Location: 11:00

qqq - Winner!

  • Race: Zerg Zerg
  • Spawn Location: 5:00

Massa - Winner!

  • Race: Terran Terran
  • League: Platinum
  • Spawn Location: 5:00

VOD

Have the link to the VOD?

Description

Time

  • Played on: Oct. 19, 2020, 3:30 p.m.
  • Length: 7:49
Show
View Real Time Build Order
Export as new Build Order

jutefire Terran 

Build Orders: Reaper Expand 

Get SALT Encoding   

  12  0:01  SCV  
  13  0:13  SCV  
  14  0:18  Supply Depot  
  14  0:27  SCV  
  15  0:40  SCV  
  15  0:42  Barracks  
  16  0:45  Refinery  
  16  0:52  SCV  
  17  1:04  SCV  
  18  1:16  SCV  
  19  1:28  Reaper  
  19  1:29  Orbital Command  
  19  1:31  Supply Depot  
  20  1:55  SCV  
  20  2:00  Command Center  
  21  2:06  Marine  
  22  2:12  Factory  
  22  2:14  SCV  
  23  2:17  Refinery  
  23  2:24  Marine  
  23  2:26  SCV  
  25  2:32  Supply Depot  
  25  2:38  SCV  
  26  3:09  SCV  
  26  3:12  Factory Tech Lab  
  27  3:16  Starport, Marine  
  28  3:21  SCV  
  29  3:39  Barracks Tech Lab, Orbital Command  
  29  3:40  Siege Tank  
  32  3:42  SCV  
  33  3:50  Command Center, Supply Depot  
  33  3:53  Starport Reactor  
  33  3:56  Barracks  
  33  4:08  Marine  
  34  4:10  SCV  
  34  4:11  Bunker  
  34  4:14  Bunker  
  35  4:23  SCV  
  36  4:25  SCV  
  36  4:26  Marine, Supply Depot  
  36  4:28  Siege Tank  
  41  4:36  SCV  
  41  4:38  SCV  
  43  4:43  Marine  
  43  4:45  Engineering Bay  
  44  4:47  Barracks Reactor  
  44  4:48  SCV  
  45  4:53  Supply Depot  
  45  4:55  Orbital Command  
  45  4:58  Supply Depot  
  45  5:03  SCV  
  45  5:07  Orbital Command  
  46  5:16  Missile Turret  
  46  5:18  SCV  
  47  5:22  Terran Infantry Weapons Level 1  
  47  5:40  Missile Turret  
  29  5:50  SCV  
  29  5:54  SCV  
  29  5:56  Orbital Command  
  23  6:02  SCV  
  24  6:07  SCV  
  25  6:14  SCV  
  26  6:19  SCV  
  26  6:21  SCV  
  28  6:32  Missile Turret  
  28  6:33  Missile Turret  
  28  6:37  SCV, Marine x3  
  28  6:39  Siege Tank  
  35  6:40  Medivac x2  
  39  6:47  Refinery  
  39  6:55  SCV, Marine  
  40  7:08  Missile Turret  
  40  7:11  Missile Turret  
  40  7:12  SCV x3  
  43  7:15  Siege Tank  
  45  7:23  Marauder, Marine x2  
  45  7:24  SCV  
  49  7:30  SCV  
Show
View Real Time Build Order
Export as new Build Order

TomSeagal Zerg 

Build Orders: Hatch First 

Get SALT Encoding   

  12  0:01  Drone  
  13  0:12  Overlord  
  13  0:17  Drone  
  14  0:32  Drone  
  14  0:33  Drone  
  16  0:38  Drone  
  17  0:55  Hatchery  
  16  0:59  Drone  
  16  1:01  Drone, Extractor  
  17  1:18  Spawning Pool  
  16  1:19  Drone  
  17  1:27  Drone  
  17  1:29  Drone  
  19  1:43  Overlord  
  19  2:04  Metabolic Boost  
  19  2:05  Queen  
  19  2:06  Queen  
  19  2:08  Zergling x4  
  24  2:12  Zergling x2  
  26  2:31  Drone x4  
  30  2:41  Drone x2  
  32  2:44  Overlord  
  32  2:58  Drone x2  
  34  3:16  Drone x5  
  34  3:17  Drone, Overlord x2  
  40  3:31  Drone x2  
  40  3:32  Drone x2  
  44  3:48  Drone, Zergling x2  
  43  3:49  Zergling x8  
  47  3:57  Hatchery  
  47  4:01  Extractor  
  45  4:03  Lair  
  45  4:04  Baneling Nest  
  44  4:32  Zergling x6, Evolution Chamber  
  44  4:33  Evolution Chamber  
  45  4:50  Drone  
  45  4:51  Drone x4  
  45  4:52  Drone x2  
  52  4:54  Extractor  
  50  5:08  Zergling x2  
  50  5:09  Zergling x16  
  59  5:19  Centrifical Hooks  
  59  5:21  Zerg Melee Weapons Level 1, Zerg Ground Armor Level 1  
  50  5:59  Hatchery  
  45  6:14  Overseer  
  45  6:27  Drone x2  
  45  6:30  Zergling x8  
  45  6:31  Zergling x16  
  59  6:34  Baneling x3  
  59  6:35  Baneling  
  59  6:38  Spore Crawler  
  58  6:40  Extractor  
  57  6:54  Overlord x4  
  57  7:14  Hatchery  
  56  7:20  Zergling x8  
  56  7:21  Zergling x12  
Show
View Real Time Build Order
Export as new Build Order

qqq Zerg - Winner!

Build Orders: Hatch First 

Get SALT Encoding   

  12  0:01  Drone  
  13  0:12  Drone  
  14  0:34  Hatchery  
  13  0:38  Drone  
  14  0:55  Spawning Pool  
  13  1:03  Overlord  
  13  1:07  Drone  
  13  1:09  Extractor  
  13  1:14  Drone  
  14  1:22  Drone  
  15  1:27  Drone  
  16  1:49  Drone x2  
  16  1:50  Drone  
  16  1:52  Queen  
  21  2:00  Drone  
  22  2:02  Drone  
  23  2:09  Spine Crawler  
  23  2:10  Drone  
  23  2:17  Metabolic Boost  
  23  2:23  Zergling x2  
  23  2:27  Drone  
  23  2:29  Drone x2  
  27  2:45  Overlord x2  
  27  3:03  Queen, Zergling x4  
  31  3:07  Drone  
  31  3:08  Drone x2  
  31  3:12  Zergling x4, Overlord  
  36  3:27  Lair  
  36  3:29  Zergling x4  
  38  3:35  Zergling x4  
  39  3:50  Zergling x8  
  39  3:51  Drone x2  
  45  4:12  Hatchery  
  43  4:20  Zergling x6  
  43  4:21  Drone x2  
  48  4:31  Hydralisk Den, Spore Crawler  
  48  4:33  Spore Crawler  
  48  4:34  Drone x4  
  48  4:37  Drone  
  50  4:40  Extractor  
  50  4:41  Overlord  
  49  4:46  Hatchery  
  49  4:51  Drone  
  49  4:52  Drone, Baneling Nest  
  49  4:55  Overlord  
  49  5:17  Hydralisk x4  
  49  5:19  Drone x4  
  55  5:39  Baneling  
  55  5:40  Baneling x3  
  55  5:44  Overlord x4  
  55  5:46  Drone x5  
  55  5:47  Drone  
  61  5:57  Drone x4  
  61  5:58  Drone  
  65  6:19  Drone x2  
  65  6:24  Lurker Den  
  66  6:27  Drone x4, Evolution Chamber  
  66  6:28  Drone x4  
  66  6:30  Extractor, Evolution Chamber  
  66  6:32  Extractor  
  70  6:50  Drone x2, Spine Crawler, Spore Crawler  
  70  6:51  Drone x3  
  73  6:55  Queen  
  73  6:58  Spore Crawler  
  73  7:00  Drone  
  73  7:01  Spine Crawler, Hydralisk x5  
  84  7:09  Drone  
  84  7:12  Queen  
  87  7:19  Hydralisk x3  
  87  7:20  Hydralisk  
  87  7:21  Drone x2  
  97  7:24  Lurker  
  97  7:27  Extractor  
  95  7:32  Extractor  
Show
View Real Time Build Order
Export as new Build Order

Massa Terran - Winner!

Build Orders:  

Get SALT Encoding   

  12  0:00  SCV  
  13  0:12  SCV  
  14  0:24  SCV, Supply Depot  
  15  0:31  Refinery  
  15  0:45  SCV  
  15  0:47  Barracks  
  16  0:57  SCV  
  16  1:03  Supply Depot  
  17  1:10  SCV  
  18  1:13  Refinery  
  18  1:22  SCV  
  19  1:34  Orbital Command  
  19  1:35  Supply Depot  
  19  1:38  Reaper  
  20  1:57  Factory  
  20  2:04  SCV  
  21  2:10  Marine  
  22  2:26  SCV  
  22  2:28  Engineering Bay  
  23  2:30  Barracks Tech Lab  
  23  2:32  Barracks Reactor  
  23  2:46  SCV  
  22  3:07  Hellion  
  22  3:08  Marine x2  
  26  3:19  Starport, SCV  
  27  3:26  Marine x2  
  29  3:28  Hellion  
  29  3:31  SCV  
  32  3:43  Marine  
  32  3:44  Marine, Supply Depot  
  32  3:47  Supply Depot  
  34  3:49  Missile Turret  
  34  3:50  Hellion  
  36  3:58  Medivac  
  36  4:01  Marine  
  39  4:05  Marine  
  40  4:17  Command Center  
  40  4:19  Marine  
  40  4:20  SCV  
  42  4:28  Liberator  
  45  4:33  SCV  
  46  4:42  Marine x2  
  48  4:50  SCV  
  48  4:51  Factory Tech Lab  
  49  5:00  Marine x2  
  49  5:02  SCV  
  52  5:12  Medivac  
  54  5:15  SCV  
  55  5:25  Supply Depot  
  55  5:26  Supply Depot  
  55  5:28  Marine x2  
  55  5:29  Siege Tank  
  60  5:42  Medivac  
  60  5:46  Marine x2  
  58  6:34  Marine  
  58  6:35  Marine  
  58  6:36  SCV  
  58  6:37  Orbital Command  
  61  6:43  Barracks  
  61  6:46  Barracks  
  61  6:48  SCV, Barracks  
  61  6:52  Marine  
  61  6:53  Marine  
  64  7:00  SCV  
  65  7:10  Marine  
  65  7:12  SCV  
  67  7:24  SCV  
Tags
 
Add a new tag
Caveats
  • Supply blocks, unpowered buildings, or Contaminate may cause inaccurate times.
  • Supply counts are checked every 10 seconds.